Croesus, chaotic male elven Ranger ------ ----- |....| |...| |.`..----...| |...........| |..--->---).| |---------[--- |....!<|.....| |..----|.....| --.| |.C...| |.-----.....| |.....@.....| |..---------- ---- Croesus the Trailblazer Experience level: 8 Strength: 17 Dexterity: 14 Constitution: 16 Intelligence: 13 Wisdom: 15 Charisma: 8 Health: 0(56) Energy: 49(49) Def: 14 Gold: 1782 Moves: 6939 Dungeon seed: p-My0O_YnRk_4v6c Game ID: Croesus_1582461343 Your Inventory: Coins $ - 1782 gold pieces Amulets G - an uncursed amulet of magical breathing Weapons c - 40 +2 elven arrows (in quiver) d - the +1 Sting e - a +1 elven bow (weapon in hand) n - a +0 orcish dagger w - 25 +0 darts A - 3 +0 elven arrows B - a cursed +0 knife M - a +0 axe X - 35 poisoned +0 orcish arrows Z - a +1 arrow Armor b - a blessed +2 elven cloak (being worn) q - an uncursed +1 pair of leather gloves (being worn) z - an uncursed +0 leather armor (being worn) Q - an uncursed +0 dwarvish roundshield (being worn) Y - an uncursed +3 pair of iron shoes (being worn) Comestibles f - 5 uncursed lembas wafers h - 3 uncursed lichen corpses l - 2 uncursed carrots o - an uncursed lizard corpse v - 4 uncursed tripe rations H - an uncursed pear R - an uncursed cram ration W - an uncursed fortune cookie Scrolls a - an uncursed scroll of gold detection i - an uncursed scroll of enchant weapon t - an uncursed scroll of remove curse D - a blessed scroll of remove curse K - an uncursed scroll of taming L - 2 uncursed scrolls of earth U - an uncursed scroll of destroy armor Potions C - an uncursed potion of restore ability P - an uncursed potion of levitation V - an uncursed potion of speed Rings p - a blessed +1 ring of increase accuracy E - an uncursed ring of levitation F - a blessed +1 ring of adornment Wands j - a wand of fire (0:5) x - a wand of create monster (0:11) N - a wand of speed monster (0:5) T - a wand of lightning (0:4) Tools k - 3 cursed partly used wax candles (0:398) m - an uncursed towel s - an uncursed stethoscope u - a +0 unicorn horn Gems y - an uncursed worthless piece of red glass Spells and supernatural/magical abilities: Name Level Category Fail Memory d - dig 5 matter 100% 87% l - light 1 divination 100% 89% W - pray for help -- divine ? -- Your skills at the end: Fighting Skills Weapon Skills dagger [Expert] bow [Skilled] Spellcasting Skills Final Attributes: You were piously aligned. You were sleep resistant. You were blinded. You were telepathic. You had automatic searching. You had infravision. You were stealthy. You are dead. Vanquished creatures: a pyrolisk 2 freezing spheres 2 pythons a wraith an incubus a wolf a leprechaun an iron piercer a vampire bat a dwarf mummy a brown pudding a yeti a lizard a chickatrice a dwarf lord a blue jelly a white unicorn a dust vortex a gnome mummy a snake a soldier ant a bugbear a wood nymph 7 Mordor orcs 8 Uruk-hai a shrieker a red naga hatchling a golden naga hatchling a gray ooze a ghoul 7 giant ants 3 floating eyes a kitten 2 dwarves a kobold lord a kobold shaman 8 hill orcs a rothe a giant bat an iguana 8 killer bees 3 acid blobs a coyote 2 large kobolds 2 giant rats 3 gnomes 4 garter snakes a gnome zombie 3 geckos 17 jackals a fox a kobold 4 goblins 6 grid bugs 7 bats 4 lichens 2 kobold zombies 6 newts 146 creatures vanquished. Voluntary challenges: You used a wielded weapon 170 times, starting on turn 371. You read items or engraved 31 times, starting on turn 3906. You never genocided any monsters. You never polymorphed an object. You never changed form. You used no wishes. You never split a pudding. You never wrote Elbereth's name. You violated your moral code, losing 3 points of alignment, starting on turn 3509. Dungeon overview: The Dungeons of Doom: levels 1 to 10 Level 1 some fountains a long staircase Level 2 an altar to Mercury Level 3 Level 4 a long staircase Level 5 Level 6 Level 7 Level 8 a general store Level 9 many fountains Level 10 a sink stairs to Sokoban Sokoban: levels 8 to 9 Level 8 Level 9 <- You were here stairs to The Dungeons of Doom History has recorded: On T:1 you entered the Dungeons of Doom to retrieve the Amulet of Yendor! On T:417 you reached level 2 of The Dungeons of Doom. On T:586 you reached level 3 of The Dungeons of Doom. On T:1243 you reached level 4 of The Dungeons of Doom. On T:1279 you advanced to experience level 2. On T:1639 you reached level 5 of The Dungeons of Doom. On T:1692 you reached level 6 of The Dungeons of Doom. On T:1794 you advanced to experience level 3. On T:2472 you reached level 7 of The Dungeons of Doom. On T:2587 you advanced to experience level 4. On T:2592 you advanced to experience level 5. On T:2659 you reached level 8 of The Dungeons of Doom. On T:2912 you advanced to experience level 6. On T:3111 you reached level 9 of The Dungeons of Doom. On T:3971 you advanced to experience level 7. On T:4349 you reached level 10 of The Dungeons of Doom. On T:4733 you reached level 4 of Sokoban. On T:5293 you reached level 3 of Sokoban. On T:5947 you advanced to experience level 8. Score breakdown: Gold: 1782 (11059 points) Experience: 8 levels (14739 points) Exploration: 10 levels ( 20.41%) (12990 points) Discoveries: 9 items ( 3.10%) ( 5284 points) Valuables value: (no points given unless you survive) Artifact value: 800 ( 9877 points) Variety of kills: 58 monsters ( 15.22%) (11705 points) Turncount: 6939 turns (-1838 points) Survival: died (score multiplied by 80%) Total score: 51052 Latest messages: The elven arrow hits the wood nymph! The wood nymph pretends to be friendly. The wood nymph stole a wand called Pt nothing. A mysterious force prevents the wood nymph from teleporting! The elven arrow hits the wood nymph! You have a little trouble lifting c - 2 +2 elven arrows (in quiver). You shoot 4 elven arrows. The 1st elven arrow hits the wood nymph! The 2nd elven arrow hits the wood nymph! You kill the wood nymph! The 3rd elven arrow hits the forest centaur! The 4th elven arrow hits the forest centaur! The forest centaur zaps a wand of lightning! The bolt of lightning hits you! Your opal ring named uncur turns to dust and vanishes! Your brass ring named uncur turns to dust and vanishes! Your iron ring named cursed turns to dust and vanishes! You are blinded by the flash! The bolt of lightning bounces! The bolt of lightning hits you! Elf, your life force is running out. You hear a nearby zap. The bolt of lightning hits you! You die... Final status: Goodbye Croesus the Ranger, killed by a bolt of lightning... You died in Sokoban on dungeon level 9 with 51052 points, and 1782 pieces of gold, after 6939 moves. You were level 8 with a maximum of 56 hit points when you died.